 Dungeon Crawl Stone Soup version 0.20-a0-785-g17250f0 (webtiles) character file.

12 nono the Chucker (level 2, -2/15 HPs)
             Began as a Vine Stalker Hunter on Feb 27, 2017.
             Slain by Edmund
             ... wielding a +1 flail of holy wrath
              (4 damage)
             ... on level 4 of the Dungeon.
             The game lasted 00:02:14 (389 turns).

nono the Chucker (Vine Stalker Hunter)               Turns: 389, Time: 00:02:14

Health: -2/15      AC:  3    Str: 14    XL:     2   Next: 33%
Magic:  0/3        EV:  9    Int: 11    God:
Gold:   28         SH:  7    Dex: 14    Spells: 1/1 levels left

rFire    . . .     SeeInvis .   a - +0 short sword
rCold    . . .     Gourm    .   b - +0 leather armour
rNeg     . . .     Faith    .   e - +0 shield
rPois    .         Spirit   +   (no helmet)
rElec    .         Reflect  .   (no cloak)
rCorr    .         Harm     .   (no gloves)
MR       .....                  (no boots)
Stlth    ++........             (no amulet)
Regen    0.1/turn               (no ring)
MPRegen  0.1/turn               (no ring)

@: no status effects
A: fangs 2, magic shield, antimagic bite, no potion heal 3, rot immunity
a: no special abilities


You were on level 4 of the Dungeon.
You were not hungry.

You visited 1 branch of the dungeon, and saw 4 of its levels.

You collected 28 gold pieces.

Inventory:

Hand Weapons
 a - a +0 short sword (weapon)
Missiles
 c - 6 javelins (quivered)
 d - 2 throwing nets
Armour
 b - a +0 leather armour (worn)
 e - a +0 shield (worn)
Wands
 k - a wand of random effects (22/48)
Scrolls
 h - a scroll of enchant weapon {unknown}
 j - a scroll of random uselessness {unknown}
 l - a scroll of blinking {unknown}
 n - 2 scrolls of teleportation {unknown}
Potions
 g - a potion of cancellation {unknown}
 m - a potion of heal wounds {unknown}
Comestibles
 f - 2 bread rations
 i - a royal jelly


   Skills:
 + Level 2.2 Fighting
 + Level 1.0 Short Blades
 - Level 3.6 Throwing
 - Level 1.5 Dodging
 - Level 1.2 Stealth


You had one spell level left.
You didn't know any spells.

Dungeon Overview and Level Annotations

Branches:
Dungeon (4/15)
 Temple: D:4-7

Altars:
Yredelemnul

Annotations:
D:4 Edmund


Innate Abilities, Weirdness & Mutations

You have extremely sharp teeth.
When hurt, damage is shared between your health and your magic reserves.
Your bite disrupts and absorbs the magic of your enemies.
Potions cannot restore your health.
You are immune to rotting.


Message History

Aiming: Random Effects (will waste charges)
Press: ? - help, Shift-Dir - straight line, f/p - Edmund
Aim: Edmund, wielding a flail of holy wrath and wearing a leather armour (moderately wounded, lightly drained) Edmund flickers and vanishes!
Deactivating autopickup; reactivate with Ctrl-A.
Evoking this partially-identified wand wasted a few charges.
Something hits you!
* * * LOW HITPOINT WARNING * * *
Evoke which item? (* to show all) (? for menu, Esc to quit)
Aiming: Random Effects (will waste charges)
Press: ? - help, Shift-Dir - straight line, f - you That beam is likely to hit you.
Continue anyway?
Okay, then.
Evoke which item? (* to show all) (? for menu, Esc to quit)
Aiming: Random Effects (will waste charges)
Press: ? - help, Shift-Dir - straight line Nothing appears to happen.
Evoking this partially-identified wand wasted a few charges.
Something hits you.
You die...

. ..... >
?$...
.#####.....
.........
#....%.#
#.....#
.#####.{...#
.......@...#
..#####...%#
#.<..#
#.(..#
#....#
#....#
######


There were no monsters in sight!

Vanquished Creatures
  An orc (D:3)
  2 bats
  A goblin (D:1)
  A hobgoblin (D:2)
  A quokka (D:3)
  2 kobolds (D:1)
  2 rats
10 creatures vanquished.

Notes
Turn   | Place    | Note
-------+----------+-------------------------------------------
     0 | D:1      | nono the Vine Stalker Hunter began the quest for the Orb.
     0 | D:1      | Reached XP level 1. HP: 11/11 MP: 2/2
   201 | D:2      | Reached XP level 2. HP: 9/15 MP: 3/3
   262 | D:4      | Found a basalt altar of Yredelemnul.
   304 | D:3      | Reached skill level 1 in Short Blades
   384 | D:4      | Noticed Edmund
   389 | D:4      | Slain by Edmund

Vault maps used:
D:1:      dpeg_arrival_castle
D:2:      elyvilon_altar_5
D:3:      nicolae_ru_sacrificial_ziggurat, lemuel_round_altar, minivault_24,
          tso_metal_star, uniq_jessica
D:4:      overflow_temple_1_default, gammafunk_temple_overflow_claw,
          first_bread, lexackson_kobold_supper, uniq_crazy_yiuf_cottage,
          uniq_menkaure, uniq_edmund, uniq_blork_the_orc, uniq_grinder

Skill      XL: |  1  2 |
---------------+-------+-----
Fighting       | 2 |  2.2
Short Blades   | 1 |  1.0
Throwing       | |  3.6
Dodging        | |  1.5
Stealth        | |  1.2

Action                   || total
-------------------------++-------
Melee: Short sword       ||    28
       Bite              ||     8
Throw: Javelin           ||     6
Evoke: Wand              ||     3
Armor: Leather armour    ||    14
Dodge: Dodged            ||    17
Block: Shield            ||    14
